 Dungeon Crawl Stone Soup version 0.26.1 (webtiles) character file.

Game seed: 14126284610768649730

708 Gadfly the Wallflower (level 7, -6/52 HPs)
             Began as a Demonspawn Monk on Feb 8, 2021.
             Was a Follower of Uskayaw.
             Splashed by an oklob sapling's acid (9 damage)
             ... on level 5 of the Dungeon.
             The game lasted 00:10:05 (6590 turns).

Gadfly the Wallflower (Demonspawn Monk)             Turns: 6590, Time: 00:10:06

Health: -6/52      AC:  4    Str: 13    XL:     7   Next: 40%
Magic:  0/10       EV: 10    Int: 12    God:    Uskayaw [*.....]
Gold:   204        SH:  0    Dex: 15    Spells: 6/6 levels left

rFire    . . .     SeeInvis .   a - +0 war axe
rCold    . . .     Faith    .   (no shield)
rNeg     . . .     Spirit   +   m - +1 scale mail
rPois    .         Reflect  .   (no helmet)
rElec    .         Harm     .   (no cloak)
rCorr    .         Rampage  .   (no gloves)
Will     .....                  (no boots)
Stlth    ..........             (no amulet)
HPRegen  0.17/turn              (no ring)
MPRegen  0.12/turn              (no ring)

@: corroded
A: hooves 1, demonic guardian 1, magic shield
a: Renounce Religion, Stomp


You were on level 5 of the Dungeon.
You worshipped Uskayaw.
Uskayaw was noncommittal.
You visited 2 branches of the dungeon, and saw 6 of its levels.

You collected 204 gold pieces.

Inventory:

Hand Weapons
 a - a +0 war axe (weapon)
Armour
 m - a +1 scale mail (worn)
Scrolls
 h - 6 scrolls of remove curse
Potions
 c - 2 potions of curing
 d - a potion of haste
 g - a potion of ambrosia
 j - 2 potions of cancellation


   Skills:
 + Level 3.0 Fighting
 * Level 3.8 Axes
 + Level 3.8 Armour
 - Level 2.6 Dodging
 - Level 1.7 Stealth
 - Level 5.2 Invocations
 + Level 4.3 Evocations


You had 6 spell levels left.
You didn't know any spells.
Your spell library contained the following spells:

 Spells                   Type           Power        Failure   Level
 Foxfire                  Conj/Fire      0%           82%         1
 Conjure Flame            Conj/Fire      0%           99%         3
 Inner Flame              Hex/Fire       0%           99%         3
 Sticky Flame             Conj/Fire      0%           100%        4
 Fireball                 Conj/Fire      0%           100%        5


Dungeon Overview and Level Annotations

Branches:
Dungeon (5/15)             Temple (1/1) D:5

Altars:
Ashenzari
Cheibriados
Dithmenos
Elyvilon
Fedhas
Gozag
Hepliaklqana
Kikubaaqudgha
Makhleb
Nemelex Xobeh
Okawaru
Ru
Sif Muna
Trog
Uskayaw
Vehumet
Wu Jian
Xom
Yredelemnul
The Shining One

Annotations:
D:3 2 transporters
D:5 exclusion: oklob sapling


Innate Abilities, Weirdness & Mutations

You have large cloven feet.
A weak demonic guardian rushes to your aid.
When hurt, damage is shared between your health and your magic reserves.


Message History

You hit the oklob sapling but do no damage.
The adder zombie misses you.
Your quasit bites the oklob sapling.
Your quasit claws the oklob sapling but does no damage. x2
The oklob sapling spits acid at you. The splash of acid hits you!
You are splashed with acid!
* * * LOW HITPOINT WARNING * * *
The adder zombie bites you but does no damage.
You are too injured to fight recklessly!
You hit the oklob sapling.
You kick the oklob sapling, but do no damage.
The oklob sapling is lightly damaged.
You hit the adder zombie.
Your quasit bites the oklob sapling but does no damage.
Your quasit claws the oklob sapling but does no damage.
Your quasit claws the oklob sapling.
The oklob sapling spits acid at you. The splash of acid hits you!
* * * LOW HITPOINT WARNING * * *
You are splashed with acid!
You die...

#.....)..<.....)..(..(......
#.....#####################.
#.......# #######.##
#)))..#########
#)###..?......# ###.#
#.........###
#.#.###.).Z........
#.#..?(..P@...#..
#.#.#.##.5.....#
#.#.#..##.......#
#.#.#.#.##.......#
#.#.#.#..###.##.###
#.#.#Z#.### #.. ..# .#.#.#.#
#####... .#.#.# ##. .#.#


You could see an oklob sapling, an adder zombie and a friendly quasit
(summoned).

Vanquished Creatures
  Grinder (D:3)
  An ogre (D:5)
  2 centaurs (D:5)
  A quasit (D:5)
  A hound (D:5)
  A bullfrog skeleton (D:4)
  An iguana (D:5)
  An orc wizard (D:5)
  9 adders
  3 oozes
  An adder skeleton (D:4)
  3 worms (D:2)
  3 dart slugs
  A leopard gecko (D:2)
  8 orcs
  4 giant cockroaches
  9 goblins
  5 hobgoblins
  12 jackals
  A quokka (D:5)
  A ball python (D:1)
  5 bats
  4 frilled lizards
  9 kobolds
  A leopard gecko skeleton (D:5)
  11 rats
99 creatures vanquished.

Vanquished Creatures (collateral kills)
  A howler monkey (D:5)
  A worker ant (D:5)
2 creatures vanquished.

Vanquished Creatures (others)
  26 plants (D:5)
26 creatures vanquished.

Grand Total: 127 creatures vanquished

Notes
Turn   | Place    | Note
-------+----------+-------------------------------------------
     0 | D:1      | Gadfly the Demonspawn Monk began the quest for the Orb.
     0 | D:1      | Reached XP level 1. HP: 18/18 MP: 1/1
    79 | D:1      | Reached skill level 1 in Invocations
    79 | D:1      | Gained mutation: You have large cloven feet. [demonic
                  | ancestry]
    79 | D:1      | Reached XP level 2. HP: 6/24 MP: 2/2
   433 | D:1      | Reached skill level 1 in Evocations
   480 | D:1      | Reached skill level 1 in Armour
  1083 | D:2      | Gained mutation: A weak demonic guardian rushes to your
                  | aid. [demonic ancestry]
  1083 | D:2      | Reached XP level 3. HP: 12/29 MP: 4/4
  1768 | D:2      | Reached skill level 2 in Invocations
  1887 | D:2      | Reached XP level 4. HP: 6/35 MP: 5/5
  2194 | D:2      | Found a broken altar of Ashenzari.
  3250 | D:3      | Noticed Grinder
  3266 | D:3      | Paralysed by Grinder for 4 turns
  3274 | D:3      | Killed Grinder
  3275 | D:3      | Reached skill level 3 in Invocations
  3275 | D:3      | Reached XP level 5. HP: 22/41 MP: 5/7
  3494 | D:3      | Found a basalt altar of Yredelemnul.
  3496 | D:3      | Noticed a profane servitor
  3507 | D:3      | Found a glowing golden altar of the Shining One.
  3653 | D:3      | Reached XP level 6. HP: 47/47 MP: 8/8
  3901 | D:3      | Found a transporter.
  3905 | D:3      | Found a transporter.
  3905 | D:3      | Noticed a vampire mosquito
  4104 | D:3      | Found a sparkling altar of Nemelex Xobeh.
  4104 | D:3      | Found an ornate altar of the Wu Jian Council.
  4226 | D:3      | Noticed an angel
  4804 | D:4      | Found a sacrificial altar of Ru.
  4866 | D:4      | Reached skill level 4 in Invocations
  5442 | D:5      | Entered Level 5 of the Dungeon
  5747 | D:5      | Found a staircase to the Ecumenical Temple.
  5774 | D:5      | Gained mutation: When hurt, damage is shared between your
                  | health and your magic reserves. [demonic ancestry]
  5774 | D:5      | Reached XP level 7. HP: 30/52 MP: 10/10
  5959 | D:5      | Reached skill level 5 in Invocations
  6433 | Temple   | Entered the Ecumenical Temple
  6579 | Temple   | Became a worshipper of Uskayaw the Reveller
  6579 | Temple   | Reached * piety under Uskayaw
  6590 | D:5      | Splashed by an oklob sapling's acid

Illustrated notes

Levels and vault maps discovered:
D:1:      lightli_arrival_farm, layout_rooms
D:2:      layout_loops_corners, nicolae_ashenzari_panopticon, roderic_lattice_a
D:3:      layout_loops_ring, gammafunk_temple_overflow_arena,
          grunt_temple_overflow_holy_war, uniq_grinder
D:4:      layout_loops_corners, nicolae_ru_awakened_eye
D:5:      layout_rooms, minmay_temple_entry_oklob, minivault_23
Temple:   minmay_freezing_vapour_temple

Skill      XL: |  1  2  3  4  5  6  7 |
---------------+----------------------+-----
Invocations    | 1 2 3 4 5 |  5.2
Evocations     | 1 3 4 |  4.3
Armour         | 1 2 3 |  3.8
Axes           | 3 |  3.8
Fighting       | |  3.0
Dodging        | |  2.6
Stealth        | |  1.7

Action                   |  1- 3 |  4- 6 |  7- 9 || total
-------------------------+-------+-------+-------++-------
Melee: Hand axe          |    98 |   143 |       ||   241
       Kick              |    17 |    41 |    17 ||    75
       War axe           |       |    23 |    54 ||    77
  Use: Scroll            |     4 |     6 |       ||    10
       Potion            |       |     6 |     1 ||     7
 Stab: Sleeping          |     6 |     3 |       ||     9
Armor: Robe              |     9 |     9 |       ||    18
       Scale mail        |       |    41 |    24 ||    65
Dodge: Dodged            |    63 |   109 |    37 ||   209
